Oilers vs Sabres

Created - Wednesday, March 02, 2016 at 02:51

Goals
1 2 3 T
Oilers 2 0 0 2
Sabres 2 0 3 5
Shots
1 2 3 T
Oilers 9 6 11 26
Sabres 9 6 14 29

1st period

1. Sabres , Ryan Kesler 28 (Rasmus Ristolainen) at 4:18 (PP)
2. Oilers , Pavel Datsyuk 24 (Patrick Marleau, Nicklas Backstrom) at 4:47
3. Sabres , Gustav Nyquist 29 (Sidney Crosby, Matt Bartkowski) at 13:26
4. Oilers , Milan Michalek 19 (Nick Bonino, Nick Foligno) at 19:50

Penalties :
Derek Stepan (Edm) for Tripping (Minor) at 3:27, James Wisniewski (Edm) for Hooking (Minor) at 4:56, Sidney Crosby (Buf) for Roughing (Minor) at 10:43, Andrew MacDonald (Edm) for Hooking (Minor) at 13:39, Matt Bartkowski (Buf) for Tripping (Minor) at 16:37

2nd period

No Goal

Penalties :
Ryan Kesler (Buf) for Holding (Minor) at 0:21, Matt Bartkowski (Buf) for Roughing (Minor) at 11:55, Ryan Kesler (Buf) for Slashing (Minor) at 16:03

3rd period

5. Sabres , Steven Stamkos 41 (Alex Pietrangelo, Sidney Crosby) at 0:46
6. Sabres , Steven Stamkos 42 (Sidney Crosby) at 9:32 (PP)
7. Sabres , Gustav Nyquist 30 (David Perron, Ryan Kesler) at 12:48 (PP)

Penalties :
Matt Bartkowski (Buf) for Roughing (Minor) at 4:44, Nicklas Backstrom (Edm) for Hooking (Minor) at 9:29, Andrew MacDonald (Edm) for Hooking (Minor) at 12:38, Jay Bouwmeester (Buf) for Tripping (Minor) at 15:54, Alex Pietrangelo (Buf) for Holding (Minor) at 19:16

Goalie Stats

Jaroslav Halak (Edm), 24 saves from 29 shots - (0.828), L, 36-21-5, 60:00 minutes
Karri Ramo (Buf), 24 saves from 26 shots - (0.923), W, 13-4-0, 60:00 minutes

Players Stats for Oilers

Player Name              G  A  P  +/- PIM S  H  SB GA TA FO     MP     PP MP  PK MP  
------------------------------------------------------------------------------------
Andrew Ladd              0  0  0   0  0   1  2  0  3  0  0/0    21:25   6:12   3:31 
Andrew MacDonald         0  0  0   1  4   2  0  0  0  3  0/0    14:18   0:17   1:34 
Brayden McNabb           0  0  0   0  0   0  0  0  0  0  0/0     1:41   0:00   0:00 
David Desharnais         0  0  0   0  0   1  0  0  1  0  3/10   17:29   8:23   0:00 
Derek Stepan             0  0  0   0  2   4  1  2  0  0  3/8    20:47  10:12   0:00 
James Wisniewski         0  0  0   0  2   1  1  1  0  1  0/0    24:02  11:03   0:48 
Jason Demers             0  0  0   1  0   2  1  1  0  1  0/0    14:00   1:56   0:00 
Lars Eller               0  0  0  -1  0   0  1  0  0  1  1/5    11:19   0:00   1:31 
Milan Michalek           1  0  1   1  0   4  6  0  1  0  0/0    15:39   3:35   1:31 
Nick Bonino              0  1  1   1  0   1  0  0  1  0  3/6    12:53   0:00   3:31 
Nick Foligno             0  1  1   1  0   1  3  0  1  1  0/0    18:07   6:35   0:00 
Nicklas Backstrom        0  1  1   0  2   0  3  0  2  1  8/19   20:44   9:20   0:00 
Niklas Hjalmarsson       0  0  0  -1  0   0  1  3  0  0  0/0    16:24   0:00   2:40 
Patrick Marleau          0  1  1  -1  0   4  2  1  1  1  0/0    23:51   6:54   0:00 
Pavel Datsyuk            1  0  1   0  0   3  3  0  1  0  1/3    19:03   8:03   0:00 
Ryan McDonagh            0  0  0   0  0   0  0  2  0  2  0/0    16:03   0:00   2:22 
Trevor Lewis             0  0  0  -1  0   1  1  0  0  1  0/0    10:44   0:30   0:00 
Zbynek Michalek          0  0  0  -1  0   1  1  0  0  0  0/0    16:24   0:00   2:40 

Players Stats for Sabres

Player Name              G  A  P  +/- PIM S  H  SB GA TA FO     MP     PP MP  PK MP  
------------------------------------------------------------------------------------
Alex Pietrangelo         0  1  1  -1  2   3  0  1  1  1  0/0    25:38   1:13   8:04 
Benoit Pouliot           0  0  0  -1  0   0  0  0  0  0  0/1    15:48   2:45   2:17 
Boyd Gordon              0  0  0   0  0   2  0  0  1  0  6/11   14:03   0:00   7:26 
Brooks Orpik             0  0  0  -1  0   4  5  0  0  0  0/0    23:10   0:00   8:08 
David Perron             0  1  1  -1  0   3  3  1  3  0  1/1    12:47   2:17   0:00 
Dwight King              0  0  0   0  0   3  1  0  2  0  0/0    17:05   0:00   7:10 
Gustav Nyquist           2  0  2   1  0   2  1  0  1  0  1/2    15:21   2:17   0:00 
Jack Skille              0  0  0   0  0   0  0  0  1  0  0/1     6:11   0:00   0:00 
Jay Bouwmeester          0  0  0   0  2   0  1  4  0  0  0/0    24:18   3:49   5:48 
Matt Bartkowski          0  1  1   1  6   0  0  1  0  1  0/0    17:01   0:00   3:19 
Matt Stajan              0  0  0   0  0   0  1  0  1  1  1/1     7:31   0:00   0:00 
Nikita Zadorov           0  0  0   1  0   1  0  0  0  0  0/0    16:44   1:13   3:19 
Pierre-Alexandre Parente 0  0  0   0  0   1  0  0  0  0  0/0     6:11   0:00   0:00 
Rasmus Ristolainen       0  1  1   0  0   0  0  0  1  0  0/0    14:54   3:49   0:34 
Ryan Kesler              1  1  2  -1  4   2  1  2  0  0  8/11   19:05   2:17   5:09 
Sidney Crosby            0  3  3   1  2   4  2  3  2  0  8/14   16:19   2:45   0:00 
Steven Stamkos           2  0  2   1  0   3  1  0  2  0  1/2    16:05   2:45   0:00 
Vernon Fiddler           0  0  0   0  0   1  2  1  3  1  6/7    17:05   0:00   7:10 

3 Stars

1 - Gustav Nyquist (Buf)
2 - Steven Stamkos (Buf)
3 - Milan Michalek (Edm)

Power Play

Oilers - 0 on 8 Attempt(s) - 0.00%
Sabres - 3 on 5 Attempt(s) - 60.00%

Penalty Kill

Oilers - 2 on 5 Attempt(s) - 40.00% - Score 0 goal in Penalty Kill
Sabres - 8 on 8 Attempt(s) - 100.00% - Score 0 goal in Penalty Kill

Team Stat

Oilers - Hits : 26 - Faceoff Wins : 19 - Blocked Shots : 10 - Penalty Minutes : 10
Sabres - Hits : 18 - Faceoff Wins : 32 - Blocked Shots : 13 - Penalty Minutes : 16

Official

Referees : Unknown
Linesman : Unknown

Game Notes

No Game Note

Finance

Level 1 -- Attendance: 6000 (100.00%) -- Ticket Income $438,000
Level 2 -- Attendance: 4830 (96.60%) -- Ticket Income $236,670
Level 3 -- Attendance: 2000 (100.00%) -- Ticket Income $62,000
Level 4 -- Attendance: 3616 (90.40%) -- Ticket Income $65,088
Luxury Box -- Attendance: 904 (90.40%) -- Ticket Income $161,816
Game was played at the HSBC Arena.
Total Attendance: 17350 (96.39%)
Total Ticket Income: $963,574
Other Income: $472,151
Total Income: $1,435,725

Oilers

5 vs 5 Forward 
   Center                   Left Wing                Right Wing               Time % Phy DF OF 
 1 Nicklas Backstrom        Pavel Datsyuk            Patrick Marleau          35     0   1  4  
 2 Derek Stepan             Andrew Ladd              Nick Foligno             35     0   1  4  
 3 David Desharnais         Nick Bonino              Milan Michalek           25     0   2  3  
 4 Lars Eller               Patrick Marleau          Trevor Lewis             5      1   2  2  

5 vs 5 Defense 
   Defense                  Defense                                           Time % Phy DF OF 
 1 Ryan McDonagh            James Wisniewski                                  35     1   4  0  
 2 Zbynek Michalek          Niklas Hjalmarsson                                35     1   4  0  
 3 Jason Demers             Andrew MacDonald                                  27     1   4  0  
 4 Brayden McNabb           Ryan McDonagh                                     3      1   4  0  

PowerPlay Forward 
   Center                   Left Wing                Right Wing               Time % Phy DF OF 
 1 Nicklas Backstrom        Pavel Datsyuk            Patrick Marleau          50     0   0  5  
 2 David Desharnais         Andrew Ladd              Nick Foligno             50     0   0  5  

PowerPlay Defense
   Defense                  Defense                                           Time % Phy DF OF 
 1 Derek Stepan             James Wisniewski                                  60     1   2  2  
 2 Nicklas Backstrom        Patrick Marleau                                   40     1   2  2  

Penalty Kill 4 Players Forward 
   Center                   Wing                     Time % Phy DF OF 
 1 Nick Bonino              Andrew Ladd              60     1   4  0  
 2 Lars Eller               Milan Michalek           40     1   4  0  

Penalty Kill 4 Players Defense
   Defense                  Defense                  Time % Phy DF OF 
 1 Zbynek Michalek          Niklas Hjalmarsson       50     1   4  0  
 2 Ryan McDonagh            Andrew MacDonald         50     1   4  0  

Penalty Kill - 3 Players Forward 
   Forward                                           Time % Phy DF OF 
 1 Nick Bonino                                       60     1   4  0  
 2 Derek Stepan                                      40     1   4  0  

Penalty Kill - 3 Players Defense
   Defense                  Defense                  Time % Phy DF OF 
 1 Zbynek Michalek          Niklas Hjalmarsson       50     1   4  0  
 2 Ryan McDonagh            Andrew MacDonald         50     1   4  0  

4 vs 4 Forward 
   Center                   Wing                     Time % Phy DF OF 
 1 Nicklas Backstrom        Pavel Datsyuk            60     0   0  5  
 2 Nick Foligno             Andrew Ladd              40     0   1  4  

4 vs 4 Defense
   Defense                  Defense                  Time % Phy DF OF 
 1 Ryan McDonagh            James Wisniewski         60     1   4  0  
 2 Zbynek Michalek          Niklas Hjalmarsson       40     1   4  0  

Last Minutes Offensive
   Center                   Left Wing                Right Wing               Defense                  Defense                  
   Nicklas Backstrom        Pavel Datsyuk            Nick Foligno             Patrick Marleau          James Wisniewski         

Last Minutes Defensive
   Center                   Left Wing                Right Wing               Defense                  Defense                  
   Nicklas Backstrom        Andrew Ladd              Nick Foligno             Ryan McDonagh            Zbynek Michalek          

Goaltenders
Starting : Jaroslav Halak           
Backup : Jeremy Smith             

Extra Forwards
Normal : Nicklas Backstrom, Pavel Datsyuk, Nick Foligno - PP : Nicklas Backstrom, Pavel Datsyuk - PK : Patrick Marleau
Extra Defensemen
Normal : Jason Demers, Andrew MacDonald, Brayden McNabb - PP : Jason Demers - PK : Andrew MacDonald, Ryan McDonagh
Penalty Shots
Pavel Datsyuk, David Desharnais, Andrew Ladd, Nick Bonino, Nicklas Backstrom

Sabres

5 vs 5 Forward 
   Center                   Left Wing                Right Wing               Time % Phy DF OF 
 1 Sidney Crosby            Gustav Nyquist           Steven Stamkos           35     0   2  3  
 2 Ryan Kesler              Benoit Pouliot           David Perron             33     0   2  3  
 3 Vernon Fiddler           Matt Stajan              Dwight King              20     1   2  2  
 4 Boyd Gordon              Pierre-Alexandre ParenteaJack Skille              12     2   3  0  

5 vs 5 Defense 
   Defense                  Defense                                           Time % Phy DF OF 
 1 Alex Pietrangelo         Brooks Orpik                                      35     1   2  2  
 2 Jay Bouwmeester          Rasmus Ristolainen                                30     1   3  1  
 3 Nikita Zadorov           Matt Bartkowski                                   25     3   2  0  
 4 Alex Pietrangelo         Jay Bouwmeester                                   10     0   2  3  

PowerPlay Forward 
   Center                   Left Wing                Right Wing               Time % Phy DF OF 
 1 Sidney Crosby            Benoit Pouliot           Steven Stamkos           57     0   0  5  
 2 Ryan Kesler              Gustav Nyquist           David Perron             43     0   1  4  

PowerPlay Defense
   Defense                  Defense                                           Time % Phy DF OF 
 1 Jay Bouwmeester          Rasmus Ristolainen                                57     0   1  4  
 2 Nikita Zadorov           Alex Pietrangelo                                  43     1   1  3  

Penalty Kill 4 Players Forward 
   Center                   Wing                     Time % Phy DF OF 
 1 Boyd Gordon              Ryan Kesler              50     2   3  0  
 2 Vernon Fiddler           Dwight King              50     1   4  0  

Penalty Kill 4 Players Defense
   Defense                  Defense                  Time % Phy DF OF 
 1 Alex Pietrangelo         Brooks Orpik             50     1   3  1  
 2 Jay Bouwmeester          Matt Bartkowski          50     2   3  0  

Penalty Kill - 3 Players Forward 
   Forward                                           Time % Phy DF OF 
 1 Boyd Gordon                                       50     1   4  0  
 2 Vernon Fiddler                                    50     1   4  0  

Penalty Kill - 3 Players Defense
   Defense                  Defense                  Time % Phy DF OF 
 1 Alex Pietrangelo         Brooks Orpik             50     2   2  1  
 2 Jay Bouwmeester          Matt Bartkowski          50     2   2  1  

4 vs 4 Forward 
   Center                   Wing                     Time % Phy DF OF 
 1 Sidney Crosby            Steven Stamkos           57     0   2  3  
 2 Ryan Kesler              Gustav Nyquist           43     1   2  2  

4 vs 4 Defense
   Defense                  Defense                  Time % Phy DF OF 
 1 Jay Bouwmeester          Rasmus Ristolainen       57     1   2  2  
 2 Nikita Zadorov           Alex Pietrangelo         43     1   2  2  

Last Minutes Offensive
   Center                   Left Wing                Right Wing               Defense                  Defense                  
   Sidney Crosby            Gustav Nyquist           Steven Stamkos           Alex Pietrangelo         Rasmus Ristolainen       

Last Minutes Defensive
   Center                   Left Wing                Right Wing               Defense                  Defense                  
   Ryan Kesler              Matt Stajan              Dwight King              Alex Pietrangelo         Brooks Orpik             

Goaltenders
Starting : Karri Ramo               
Backup : Ondrej Pavelec           

Extra Forwards
Normal : Benoit Pouliot, Dwight King, Sidney Crosby - PP : Gustav Nyquist, Dwight King - PK : Ryan Kesler
Extra Defensemen
Normal : Rasmus Ristolainen, Nikita Zadorov, Matt Bartkowski - PP : Nikita Zadorov - PK : Nikita Zadorov, Rasmus Ristolainen
Penalty Shots
Sidney Crosby, Gustav Nyquist, Dwight King, Benoit Pouliot, David Perron

% Time on Ice - Oilers

Lines # - Real PCT - Wanted PCT - Time Play
Normal Forward
1 - 26% - 35% - 10:38
2 - 28% - 35% - 11:11
3 - 23% - 25% - 9:21
4 - 23% - 5% - 9:12
Normal Defense
1 - 31% - 35% - 12:40
2 - 35% - 35% - 14:08
3 - 29% - 27% - 11:53
4 - 4% - 3% - 1:41
PP Forward
1 - 53% - 50% - 7:40
2 - 47% - 50% - 6:56
PP Defense
1 - 78% - 60% - 11:20
2 - 22% - 40% - 3:16
PK Forward
1 - 70% - 60% - 3:31
2 - 30% - 40% - 1:31
PK Defense
1 - 53% - 50% - 2:40
2 - 47% - 50% - 2:22
PK3 Forward
1 - 0% - 60%
2 - 0% - 40%
PK3 Defense
1 - 0% - 50%
2 - 0% - 50%
44 Forward
1 - 0% - 60%
2 - 0% - 40%
44 Defense
1 - 0% - 60%
2 - 0% - 40%
Last Minute Offensive  - 0:00
Last Minute Defensive  - 0:00
Total
Forward - 60:00
Defense - 60:00

% Time on Ice - Sabres

Lines # - Real PCT - Wanted PCT - Time Play
Normal Forward
1 - 34% - 35% - 13:46
2 - 32% - 33% - 12:54
3 - 19% - 20% - 7:31
4 - 15% - 12% - 6:11
Normal Defense
1 - 37% - 35% - 15:03
2 - 34% - 30% - 13:51
3 - 26% - 25% - 10:23
4 - 3% - 10% - 1:05
PP Forward
1 - 55% - 57% - 2:45
2 - 45% - 43% - 2:17
PP Defense
1 - 76% - 57% - 3:49
2 - 24% - 43% - 1:13
PK Forward
1 - 51% - 50% - 7:26
2 - 49% - 50% - 7:10
PK Defense
1 - 56% - 50% - 8:08
2 - 44% - 50% - 6:28
PK3 Forward
1 - 0% - 50%
2 - 0% - 50%
PK3 Defense
1 - 0% - 50%
2 - 0% - 50%
44 Forward
1 - 0% - 57%
2 - 0% - 43%
44 Defense
1 - 0% - 57%
2 - 0% - 43%
Last Minute Offensive  - 0:00
Last Minute Defensive  - 0:00
Total
Forward - 60:00
Defense - 60:00

Play by Play

1st period


0:01 of 1st period - Sidney Crosby wins face-off versus Nicklas Backstrom in neutral zone.
0:34 of 1st period - Snap shot by Pavel Datsyuk.
0:34 of 1st period - Shot Misses the Net.
0:36 of 1st period - Wrist shot by James Wisniewski.
0:36 of 1st period - Deflect By Patrick Marleau.
0:36 of 1st period - Shot Misses the Net.
0:36 of 1st period - Puck is out of play.
0:37 of 1st period - Ryan Kesler wins face-off versus Derek Stepan in Sabres zone.
0:58 of 1st period - Slapshot by Nick Foligno.
0:58 of 1st period - Shot Misses the Net.
1:02 of 1st period - Wrist shot by Nick Foligno.
1:02 of 1st period - Deflect By Andrew Ladd.
1:02 of 1st period - Deflect By Benoit Pouliot.
1:02 of 1st period - Shot Misses the Net.
1:02 of 1st period - Puck is out of play.
1:03 of 1st period - Vernon Fiddler wins face-off versus David Desharnais in Sabres zone.
2:04 of 1st period - Off-side.
2:05 of 1st period - Boyd Gordon wins face-off versus Lars Eller in neutral zone.
2:16 of 1st period - Snap shot by Jay Bouwmeester.
2:16 of 1st period - Shot Misses the Net.
2:22 of 1st period - Wrist shot by Trevor Lewis.
2:22 of 1st period - Shot Blocked by Jay Bouwmeester.
2:24 of 1st period - Slapshot by Zbynek Michalek.
2:24 of 1st period - Shot Blocked by Jay Bouwmeester.
3:10 of 1st period - Snap shot by David Perron.
3:10 of 1st period - Stopped by Jaroslav Halak with a rebound.
3:27 of 1st period - Minor Penalty to Derek Stepan for Tripping.
3:28 of 1st period - Nick Bonino wins face-off versus Sidney Crosby in Oilers zone.
3:58 of 1st period - Nick Bonino is hit by Sidney Crosby and loses puck.
4:11 of 1st period - Ryan McDonagh is hit by David Perron and loses puck.
4:18 of 1st period - Slapshot by Ryan Kesler.
4:18 of 1st period - Goal by Ryan Kesler - Oilers : 0 - Sabres : 1.
4:19 of 1st period - Nicklas Backstrom wins face-off versus Sidney Crosby in neutral zone.
4:33 of 1st period - Icing by Brooks Orpik.
4:34 of 1st period - Pavel Datsyuk wins face-off versus Sidney Crosby in Sabres zone.
4:47 of 1st period - Wrist shot by Pavel Datsyuk.
4:47 of 1st period - Goal by Pavel Datsyuk - Oilers : 1 - Sabres : 1.
4:48 of 1st period - Ryan Kesler wins face-off versus Nicklas Backstrom in neutral zone.
4:53 of 1st period - Snap shot by David Perron.
4:53 of 1st period - Stopped by Jaroslav Halak without a rebound.
4:54 of 1st period - Nicklas Backstrom wins face-off versus Ryan Kesler in Oilers zone.
4:56 of 1st period - Minor Penalty to James Wisniewski for Hooking.
4:57 of 1st period - Sidney Crosby wins face-off versus Nick Bonino in Oilers zone.
5:01 of 1st period - Slapshot by Steven Stamkos.
5:01 of 1st period - Stopped by Jaroslav Halak without a rebound.
5:02 of 1st period - Nick Bonino wins face-off versus Benoit Pouliot in Oilers zone.
5:55 of 1st period - Jay Bouwmeester is hit by Milan Michalek and loses puck.
6:46 of 1st period - Zbynek Michalek is hit by Jay Bouwmeester and loses puck.
6:56 of 1st period - Penalty to James Wisniewski is over, James Wisniewski is back on ice.
7:09 of 1st period - Ryan Kesler is hit by Pavel Datsyuk and loses puck.
7:28 of 1st period - Wrist shot by Alex Pietrangelo.
7:28 of 1st period - Deflect By Matt Stajan.
7:28 of 1st period - Shot Blocked by Niklas Hjalmarsson.
7:28 of 1st period - Puck is out of play.
7:29 of 1st period - Matt Stajan wins face-off versus Derek Stepan in Oilers zone.
8:14 of 1st period - Wrist shot by Lars Eller.
8:14 of 1st period - Shot Misses the Net.
8:16 of 1st period - Slapshot by Jason Demers.
8:16 of 1st period - Stopped by Karri Ramo with a rebound.
8:52 of 1st period - Wrist shot by Milan Michalek.
8:52 of 1st period - Stopped by Karri Ramo with a rebound.
9:00 of 1st period - Ryan McDonagh is hit by Sidney Crosby and loses puck.
9:25 of 1st period - Jason Demers is hit by David Perron and loses puck.
9:34 of 1st period - Snap shot by Pavel Datsyuk.
9:34 of 1st period - Shot Misses the Net.
9:40 of 1st period - Snap shot by Patrick Marleau.
9:40 of 1st period - Stopped by Karri Ramo with a rebound.
9:42 of 1st period - Slapshot by Jason Demers.
9:42 of 1st period - Deflect By Ryan Kesler.
9:42 of 1st period - Stopped by Karri Ramo with a rebound.
9:44 of 1st period - Snap shot by Nicklas Backstrom.
9:44 of 1st period - Shot Misses the Net.
10:16 of 1st period - Andrew Ladd is hit by Dwight King and loses puck.
10:43 of 1st period - Minor Penalty to Sidney Crosby for Roughing.
10:44 of 1st period - Nicklas Backstrom wins face-off versus Boyd Gordon in Sabres zone.
10:51 of 1st period - Snap shot by Pavel Datsyuk.
10:51 of 1st period - Shot Blocked by Ryan Kesler.
10:53 of 1st period - Slapshot by Derek Stepan.
10:53 of 1st period - Stopped by Karri Ramo without a rebound.
10:54 of 1st period - Boyd Gordon wins face-off versus Nicklas Backstrom in Sabres zone.
11:53 of 1st period - Snap shot by Pavel Datsyuk.
11:53 of 1st period - Shot Misses the Net.
11:55 of 1st period - Slapshot by James Wisniewski.
11:55 of 1st period - Shot Blocked by Jay Bouwmeester.
11:57 of 1st period - Slapshot by Patrick Marleau.
11:57 of 1st period - Shot Blocked by Matt Bartkowski.
12:15 of 1st period - Snap shot by Andrew Ladd.
12:15 of 1st period - Shot Blocked by Alex Pietrangelo.
12:43 of 1st period - Penalty to Sidney Crosby is over, Sidney Crosby is back on ice.
12:47 of 1st period - Vernon Fiddler is hit by Pavel Datsyuk and loses puck.
13:08 of 1st period - Slapshot by Patrick Marleau.
13:08 of 1st period - Deflect By Trevor Lewis.
13:08 of 1st period - Stopped by Karri Ramo with a rebound.
13:20 of 1st period - Wrist shot by Sidney Crosby.
13:20 of 1st period - Stopped by Jaroslav Halak with a rebound.
13:22 of 1st period - Snap shot by Matt Bartkowski.
13:22 of 1st period - Shot Misses the Net.
13:24 of 1st period - Slapshot by Sidney Crosby.
13:24 of 1st period - Shot Misses the Net.
13:26 of 1st period - Snap shot by Gustav Nyquist.
13:26 of 1st period - Goal by Gustav Nyquist - Oilers : 1 - Sabres : 2.
13:27 of 1st period - Boyd Gordon wins face-off versus David Desharnais in neutral zone.
13:36 of 1st period - Wrist shot by Boyd Gordon.
13:36 of 1st period - Stopped by Jaroslav Halak without a rebound.
13:37 of 1st period - David Desharnais wins face-off versus Boyd Gordon in Oilers zone.
13:39 of 1st period - Minor Penalty to Andrew MacDonald for Hooking.
13:40 of 1st period - Nick Bonino wins face-off versus Sidney Crosby in Oilers zone.
14:37 of 1st period - Zbynek Michalek is hit by Ryan Kesler and loses puck.
14:50 of 1st period - Snap shot by Ryan Kesler.
14:50 of 1st period - Stopped by Jaroslav Halak without a rebound.
14:51 of 1st period - David Perron wins face-off versus Lars Eller in Oilers zone.
15:39 of 1st period - Penalty to Andrew MacDonald is over, Andrew MacDonald is back on ice.
15:42 of 1st period - Slapshot by Sidney Crosby.
15:42 of 1st period - Shot Misses the Net.
16:09 of 1st period - Wrist shot by Nicklas Backstrom.
16:09 of 1st period - Shot Misses the Net.
16:37 of 1st period - Minor Penalty to Matt Bartkowski for Tripping.
16:38 of 1st period - Nicklas Backstrom wins face-off versus Boyd Gordon in Sabres zone.
16:48 of 1st period - Snap shot by Ryan Kesler.
16:48 of 1st period - Shot Misses the Net.
17:16 of 1st period - Slapshot by Alex Pietrangelo.
17:16 of 1st period - Deflect By James Wisniewski.
17:16 of 1st period - Stopped by Jaroslav Halak with a rebound.
18:37 of 1st period - Penalty to Matt Bartkowski is over, Matt Bartkowski is back on ice.
18:39 of 1st period - Slapshot by David Desharnais.
18:39 of 1st period - Shot Misses the Net.
18:41 of 1st period - Slapshot by Derek Stepan.
18:41 of 1st period - Stopped by Karri Ramo with a rebound.
19:48 of 1st period - Snap shot by Nick Bonino.
19:48 of 1st period - Shot Misses the Net.
19:50 of 1st period - Wrist shot by Milan Michalek.
19:50 of 1st period - Goal by Milan Michalek - Oilers : 2 - Sabres : 2.
19:51 of 1st period - Derek Stepan wins face-off versus Vernon Fiddler in neutral zone.
Goals for this period are 2 for Oilers vs 2 for Sabres.
Shots for this period are 9 for Oilers vs 9 for Sabres.

2nd period


0:01 of 2nd period - Ryan Kesler wins face-off versus Nicklas Backstrom in neutral zone.
0:14 of 2nd period - Snap shot by Pavel Datsyuk.
0:14 of 2nd period - Stopped by Karri Ramo without a rebound.
0:15 of 2nd period - Ryan Kesler wins face-off versus Nicklas Backstrom in Sabres zone.
0:20 of 2nd period - Snap shot by David Perron.
0:20 of 2nd period - Shot Misses the Net.
0:21 of 2nd period - Minor Penalty to Ryan Kesler for Holding.
0:22 of 2nd period - Boyd Gordon wins face-off versus David Desharnais in Sabres zone.
0:51 of 2nd period - Alex Pietrangelo is hit by Andrew Ladd and loses puck.
1:29 of 2nd period - Wrist shot by Pavel Datsyuk.
1:29 of 2nd period - Shot Misses the Net.
2:21 of 2nd period - Penalty to Ryan Kesler is over, Ryan Kesler is back on ice.
2:28 of 2nd period - Jay Bouwmeester is hit by Zbynek Michalek and loses puck.
2:54 of 2nd period - Snap shot by Patrick Marleau.
2:54 of 2nd period - Stopped by Karri Ramo with a rebound.
2:56 of 2nd period - Slapshot by Zbynek Michalek.
2:56 of 2nd period - Stopped by Karri Ramo with a rebound.
2:58 of 2nd period - Wrist shot by Niklas Hjalmarsson.
2:58 of 2nd period - Shot Misses the Net.
3:00 of 2nd period - Slapshot by Zbynek Michalek.
3:00 of 2nd period - Shot Misses the Net.
3:02 of 2nd period - Wrist shot by Patrick Marleau.
3:02 of 2nd period - Deflect By Trevor Lewis.
3:02 of 2nd period - Shot Blocked by Vernon Fiddler.
3:02 of 2nd period - Puck is out of play.
3:03 of 2nd period - Lars Eller wins face-off versus Steven Stamkos in Sabres zone.
3:06 of 2nd period - Snap shot by Patrick Marleau.
3:06 of 2nd period - Stopped by Karri Ramo with a rebound.
3:08 of 2nd period - Snap shot by Andrew MacDonald.
3:08 of 2nd period - Shot Misses the Net.
3:10 of 2nd period - Snap shot by Patrick Marleau.
3:10 of 2nd period - Shot Misses the Net.
3:12 of 2nd period - Slapshot by Andrew MacDonald.
3:12 of 2nd period - Deflect By Gustav Nyquist.
3:12 of 2nd period - Stopped by Karri Ramo with a rebound.
3:14 of 2nd period - Snap shot by Andrew MacDonald.
3:14 of 2nd period - Shot Hit the Post.
3:28 of 2nd period - Steven Stamkos is hit by Jason Demers and loses puck.
3:33 of 2nd period - Wrist shot by Nick Bonino.
3:33 of 2nd period - Shot Misses the Net.
3:35 of 2nd period - Snap shot by Andrew MacDonald.
3:35 of 2nd period - Shot Misses the Net.
3:37 of 2nd period - Wrist shot by David Desharnais.
3:37 of 2nd period - Stopped by Karri Ramo with a rebound.
5:34 of 2nd period - Wrist shot by Dwight King.
5:34 of 2nd period - Shot Misses the Net.
5:36 of 2nd period - Wrist shot by Dwight King.
5:36 of 2nd period - Shot Misses the Net.
5:38 of 2nd period - Wrist shot by Matt Stajan.
5:38 of 2nd period - Shot Blocked by Niklas Hjalmarsson.
5:40 of 2nd period - Slapshot by Vernon Fiddler.
5:40 of 2nd period - Stopped by Jaroslav Halak with a rebound.
7:36 of 2nd period - Vernon Fiddler is hit by Milan Michalek and loses puck.
8:39 of 2nd period - Slapshot by Alex Pietrangelo.
8:39 of 2nd period - Stopped by Jaroslav Halak with a rebound.
8:41 of 2nd period - Slapshot by Alex Pietrangelo.
8:41 of 2nd period - Shot Misses the Net.
9:14 of 2nd period - Trevor Lewis is hit by Vernon Fiddler and loses puck.
9:25 of 2nd period - Ryan Kesler is hit by Trevor Lewis and loses puck.
9:53 of 2nd period - James Wisniewski is hit by Steven Stamkos and loses puck.
9:58 of 2nd period - Snap shot by Sidney Crosby.
9:58 of 2nd period - Deflect By James Wisniewski.
9:58 of 2nd period - Stopped by Jaroslav Halak with a rebound.
10:54 of 2nd period - Zbynek Michalek is hit by Brooks Orpik and loses puck.
11:50 of 2nd period - Snap shot by Patrick Marleau.
11:50 of 2nd period - Shot Blocked by Ryan Kesler.
11:55 of 2nd period - Minor Penalty to Matt Bartkowski for Roughing.
11:56 of 2nd period - Vernon Fiddler wins face-off versus David Desharnais in Sabres zone.
12:00 of 2nd period - Slapshot by Dwight King.
12:00 of 2nd period - Shot Blocked by Derek Stepan.
12:02 of 2nd period - Slapshot by Brooks Orpik.
12:02 of 2nd period - Deflect By Dwight King.
12:02 of 2nd period - Stopped by Jaroslav Halak with a rebound.
12:04 of 2nd period - Wrist shot by Dwight King.
12:04 of 2nd period - Stopped by Jaroslav Halak without a rebound.
12:05 of 2nd period - Vernon Fiddler wins face-off versus David Desharnais in Oilers zone.
12:18 of 2nd period - Snap shot by Dwight King.
12:18 of 2nd period - Stopped by Jaroslav Halak with a rebound.
12:34 of 2nd period - Snap shot by Dwight King.
12:34 of 2nd period - Shot Misses the Net.
12:58 of 2nd period - Boyd Gordon is hit by Nicklas Backstrom and loses puck.
13:09 of 2nd period - Ryan Kesler is hit by Nick Foligno and loses puck.
13:36 of 2nd period - Vernon Fiddler is hit by Milan Michalek and loses puck.
13:55 of 2nd period - Penalty to Matt Bartkowski is over, Matt Bartkowski is back on ice.
14:26 of 2nd period - Icing by Sidney Crosby.
14:27 of 2nd period - Sidney Crosby wins face-off versus Lars Eller in Sabres zone.
14:40 of 2nd period - Wrist shot by Steven Stamkos.
14:40 of 2nd period - Shot Misses the Net.
15:22 of 2nd period - Brooks Orpik is hit by Niklas Hjalmarsson and loses puck.
15:31 of 2nd period - Brooks Orpik is hit by Lars Eller and loses puck.
16:03 of 2nd period - Minor Penalty to Ryan Kesler for Slashing.
16:04 of 2nd period - Vernon Fiddler wins face-off versus Nicklas Backstrom in Sabres zone.
17:39 of 2nd period - Milan Michalek is hit by Brooks Orpik.
17:43 of 2nd period - Boyd Gordon is hit by Milan Michalek.
17:53 of 2nd period - Vernon Fiddler is hit by Milan Michalek and loses puck.
18:03 of 2nd period - Penalty to Ryan Kesler is over, Ryan Kesler is back on ice.
18:24 of 2nd period - Snap shot by Andrew Ladd.
18:24 of 2nd period - Shot Misses the Net.
18:26 of 2nd period - Slapshot by Niklas Hjalmarsson.
18:26 of 2nd period - Shot Blocked by Sidney Crosby.
18:28 of 2nd period - Wrist shot by Lars Eller.
18:28 of 2nd period - Shot Misses the Net.
18:45 of 2nd period - Backhand shot by Nick Bonino.
18:45 of 2nd period - Shot Misses the Net.
19:36 of 2nd period - Snap shot by Andrew Ladd.
19:36 of 2nd period - Shot Misses the Net.
19:38 of 2nd period - Backhand shot by Andrew Ladd.
19:38 of 2nd period - Shot Misses the Net.
19:48 of 2nd period - Slapshot by Andrew Ladd.
19:48 of 2nd period - Shot Misses the Net.
Goals for this period are 0 for Oilers vs 0 for Sabres.
Shots for this period are 6 for Oilers vs 6 for Sabres.

3rd period


0:01 of 3rd period - Sidney Crosby wins face-off versus Pavel Datsyuk in neutral zone.
0:10 of 3rd period - Slapshot by Sidney Crosby.
0:10 of 3rd period - Shot Blocked by Ryan McDonagh.
0:12 of 3rd period - Slapshot by Brooks Orpik.
0:12 of 3rd period - Stopped by Jaroslav Halak with a rebound.
0:14 of 3rd period - Slapshot by Brooks Orpik.
0:14 of 3rd period - Stopped by Jaroslav Halak without a rebound.
0:15 of 3rd period - Nicklas Backstrom wins face-off versus Gustav Nyquist in Oilers zone.
0:42 of 3rd period - Snap shot by Steven Stamkos.
0:42 of 3rd period - Shot Blocked by Patrick Marleau.
0:44 of 3rd period - Snap shot by Alex Pietrangelo.
0:44 of 3rd period - Shot Misses the Net.
0:46 of 3rd period - Snap shot by Steven Stamkos.
0:46 of 3rd period - Goal by Steven Stamkos - Oilers : 2 - Sabres : 3.
0:47 of 3rd period - Derek Stepan wins face-off versus Ryan Kesler in neutral zone.
0:54 of 3rd period - Snap shot by Nick Foligno.
0:54 of 3rd period - Stopped by Karri Ramo with a rebound.
0:56 of 3rd period - Snap shot by Derek Stepan.
0:56 of 3rd period - Shot Blocked by David Perron.
0:58 of 3rd period - Slapshot by Ryan McDonagh.
0:58 of 3rd period - Shot Hit the Post.
1:10 of 3rd period - Snap shot by Nick Foligno.
1:10 of 3rd period - Shot Misses the Net.
1:12 of 3rd period - Slapshot by James Wisniewski.
1:12 of 3rd period - Stopped by Karri Ramo with a rebound.
1:14 of 3rd period - Snap shot by Derek Stepan.
1:14 of 3rd period - Stopped by Karri Ramo with a rebound.
1:16 of 3rd period - Snap shot by Ryan McDonagh.
1:16 of 3rd period - Deflect By Andrew Ladd.
1:16 of 3rd period - Shot Blocked by Jay Bouwmeester.
1:16 of 3rd period - Puck is out of play.
1:17 of 3rd period - Nicklas Backstrom wins face-off versus Sidney Crosby in Sabres zone.
1:26 of 3rd period - Wrist shot by Pavel Datsyuk.
1:26 of 3rd period - Stopped by Karri Ramo without a rebound.
1:27 of 3rd period - Sidney Crosby wins face-off versus Pavel Datsyuk in Sabres zone.
1:40 of 3rd period - Zbynek Michalek is hit by Brooks Orpik and loses puck.
1:47 of 3rd period - Sidney Crosby is hit by Pavel Datsyuk.
1:55 of 3rd period - Wrist shot by Steven Stamkos.
1:55 of 3rd period - Shot Blocked by Niklas Hjalmarsson.
2:27 of 3rd period - Ryan Kesler is hit by Nick Foligno and loses puck.
2:46 of 3rd period - Andrew Ladd is hit by David Perron and loses puck.
2:55 of 3rd period - Snap shot by David Perron.
2:55 of 3rd period - Shot Blocked by Ryan McDonagh.
3:18 of 3rd period - Slapshot by James Wisniewski.
3:18 of 3rd period - Shot Misses the Net.
3:22 of 3rd period - Snap shot by Milan Michalek.
3:22 of 3rd period - Stopped by Karri Ramo with a rebound.
3:24 of 3rd period - Slapshot by Andrew MacDonald.
3:24 of 3rd period - Deflect By Jay Bouwmeester.
3:24 of 3rd period - Stopped by Karri Ramo without a rebound.
3:25 of 3rd period - Boyd Gordon wins face-off versus David Desharnais in Sabres zone.
3:54 of 3rd period - Wrist shot by Pierre-Alexandre Parenteau.
3:54 of 3rd period - Stopped by Jaroslav Halak with a rebound.
3:56 of 3rd period - Snap shot by Boyd Gordon.
3:56 of 3rd period - Shot Misses the Net.
3:58 of 3rd period - Slapshot by Nikita Zadorov.
3:58 of 3rd period - Stopped by Jaroslav Halak with a rebound.
4:00 of 3rd period - Snap shot by Boyd Gordon.
4:00 of 3rd period - Shot Blocked by Jason Demers.
4:22 of 3rd period - Niklas Hjalmarsson is hit by Vernon Fiddler and loses puck.
4:44 of 3rd period - Minor Penalty to Matt Bartkowski for Roughing.
4:45 of 3rd period - David Desharnais wins face-off versus Boyd Gordon in Sabres zone.
4:59 of 3rd period - Slapshot by Alex Pietrangelo.
4:59 of 3rd period - Shot Misses the Net.
5:01 of 3rd period - Wrist shot by Boyd Gordon.
5:01 of 3rd period - Stopped by Jaroslav Halak with a rebound.
5:03 of 3rd period - Slapshot by Alex Pietrangelo.
5:03 of 3rd period - Shot Misses the Net.
5:05 of 3rd period - Slapshot by Alex Pietrangelo.
5:05 of 3rd period - Shot Misses the Net.
5:34 of 3rd period - Boyd Gordon is hit by Patrick Marleau and loses puck.
6:14 of 3rd period - Icing by Derek Stepan.
6:15 of 3rd period - Nicklas Backstrom wins face-off versus Boyd Gordon in Oilers zone.
6:20 of 3rd period - Boyd Gordon is hit by Nicklas Backstrom and loses puck.
6:44 of 3rd period - Penalty to Matt Bartkowski is over, Matt Bartkowski is back on ice.
7:19 of 3rd period - Vernon Fiddler is hit by Patrick Marleau and loses puck.
8:06 of 3rd period - Wrist shot by David Desharnais.
8:06 of 3rd period - Shot Misses the Net.
8:08 of 3rd period - Slapshot by Nick Bonino.
8:08 of 3rd period - Stopped by Karri Ramo with a rebound.
8:56 of 3rd period - Icing by Rasmus Ristolainen.
8:57 of 3rd period - Ryan Kesler wins face-off versus Derek Stepan in Sabres zone.
9:24 of 3rd period - Snap shot by Ryan Kesler.
9:24 of 3rd period - Shot Blocked by Derek Stepan.
9:26 of 3rd period - Slapshot by Alex Pietrangelo.
9:26 of 3rd period - Deflect By Ryan Kesler.
9:26 of 3rd period - Shot Misses the Net.
9:26 of 3rd period - Puck is out of play.
9:27 of 3rd period - Nicklas Backstrom wins face-off versus Jack Skille in Oilers zone.
9:29 of 3rd period - Minor Penalty to Nicklas Backstrom for Hooking.
9:30 of 3rd period - Sidney Crosby wins face-off versus Nick Bonino in Oilers zone.
9:32 of 3rd period - Wrist shot by Steven Stamkos.
9:32 of 3rd period - Goal by Steven Stamkos - Oilers : 2 - Sabres : 4.
9:33 of 3rd period - Steven Stamkos wins face-off versus Nicklas Backstrom in neutral zone.
9:38 of 3rd period - Snap shot by Sidney Crosby.
9:38 of 3rd period - Shot Misses the Net.
9:40 of 3rd period - Slapshot by Brooks Orpik.
9:40 of 3rd period - Shot Blocked by James Wisniewski.
9:42 of 3rd period - Slapshot by Alex Pietrangelo.
9:42 of 3rd period - Stopped by Jaroslav Halak without a rebound.
9:43 of 3rd period - Gustav Nyquist wins face-off versus Nicklas Backstrom in Oilers zone.
9:48 of 3rd period - Wrist shot by Steven Stamkos.
9:48 of 3rd period - Shot Misses the Net.
9:50 of 3rd period - Slapshot by Sidney Crosby.
9:50 of 3rd period - Stopped by Jaroslav Halak with a rebound.
9:52 of 3rd period - Wrist shot by Brooks Orpik.
9:52 of 3rd period - Stopped by Jaroslav Halak without a rebound.
9:53 of 3rd period - Sidney Crosby wins face-off versus Nicklas Backstrom in Oilers zone.
10:08 of 3rd period - Snap shot by Steven Stamkos.
10:08 of 3rd period - Shot Misses the Net.
10:10 of 3rd period - Slapshot by Brooks Orpik.
10:10 of 3rd period - Stopped by Jaroslav Halak with a rebound.
10:16 of 3rd period - Slapshot by Sidney Crosby.
10:16 of 3rd period - Shot Misses the Net.
11:30 of 3rd period - Snap shot by Derek Stepan.
11:30 of 3rd period - Stopped by Karri Ramo without a rebound.
11:31 of 3rd period - Vernon Fiddler wins face-off versus Derek Stepan in Sabres zone.
11:53 of 3rd period - Snap shot by Andrew Ladd.
11:53 of 3rd period - Deflect By Jay Bouwmeester.
11:53 of 3rd period - Shot Misses the Net.
11:53 of 3rd period - Puck is out of play.
11:54 of 3rd period - David Desharnais wins face-off versus Sidney Crosby in Sabres zone.
12:27 of 3rd period - Slapshot by Nick Bonino.
12:27 of 3rd period - Shot Blocked by Sidney Crosby.
12:38 of 3rd period - Minor Penalty to Andrew MacDonald for Hooking.
12:39 of 3rd period - Ryan Kesler wins face-off versus Nick Bonino in Oilers zone.
12:48 of 3rd period - Wrist shot by David Perron.
12:48 of 3rd period - Deflect By Gustav Nyquist.
12:48 of 3rd period - Goal by Gustav Nyquist - Oilers : 2 - Sabres : 5.
12:49 of 3rd period - Derek Stepan wins face-off versus Ryan Kesler in neutral zone.
12:59 of 3rd period - Slapshot by Andrew Ladd.
12:59 of 3rd period - Stopped by Karri Ramo without a rebound.
13:00 of 3rd period - Ryan Kesler wins face-off versus Derek Stepan in Sabres zone.
13:07 of 3rd period - Brooks Orpik is hit by Andrew Ladd and loses puck.
13:36 of 3rd period - Wrist shot by David Perron.
13:36 of 3rd period - Stopped by Jaroslav Halak with a rebound.
13:46 of 3rd period - James Wisniewski is hit by Brooks Orpik and loses puck.
13:55 of 3rd period - Derek Stepan is hit by Brooks Orpik and loses puck.
14:41 of 3rd period - Snap shot by Pavel Datsyuk.
14:41 of 3rd period - Shot Misses the Net.
14:43 of 3rd period - Snap shot by Zbynek Michalek.
14:43 of 3rd period - Shot Misses the Net.
14:57 of 3rd period - Zbynek Michalek is hit by Matt Stajan and loses puck.
15:04 of 3rd period - Vernon Fiddler is hit by Milan Michalek and loses puck.
15:54 of 3rd period - Minor Penalty to Jay Bouwmeester for Tripping.
15:55 of 3rd period - Boyd Gordon wins face-off versus Nicklas Backstrom in Sabres zone.
16:03 of 3rd period - Ryan Kesler is hit by Nicklas Backstrom and loses puck.
16:34 of 3rd period - Brooks Orpik is hit by James Wisniewski and loses puck.
17:32 of 3rd period - Vernon Fiddler is hit by Nick Foligno and loses puck.
17:54 of 3rd period - Penalty to Jay Bouwmeester is over, Jay Bouwmeester is back on ice.
18:16 of 3rd period - Nick Bonino is hit by Gustav Nyquist and loses puck.
18:21 of 3rd period - Slapshot by Sidney Crosby.
18:21 of 3rd period - Stopped by Jaroslav Halak without a rebound.
18:22 of 3rd period - Sidney Crosby wins face-off versus Nicklas Backstrom in Oilers zone.
18:30 of 3rd period - Slapshot by Milan Michalek.
18:30 of 3rd period - Shot Blocked by Sidney Crosby.
18:32 of 3rd period - Snap shot by Milan Michalek.
18:32 of 3rd period - Stopped by Karri Ramo with a rebound.
18:54 of 3rd period - Wrist shot by Patrick Marleau.
18:54 of 3rd period - Stopped by Karri Ramo without a rebound.
18:55 of 3rd period - Ryan Kesler wins face-off versus Lars Eller in Sabres zone.
19:16 of 3rd period - Minor Penalty to Alex Pietrangelo for Holding.
19:17 of 3rd period - Vernon Fiddler wins face-off versus David Desharnais in Sabres zone.
19:55 of 3rd period - Matt Bartkowski is hit by Derek Stepan.
Goals for this period are 0 for Oilers vs 3 for Sabres.
Shots for this period are 11 for Oilers vs 14 for Sabres.